Map: King Sejong Station LE

Players

Neeblet (Neeb)

  • Race: Protoss Protoss
  • League: Master

MarineLorD - Winner!

  • Race: Terran Terran
  • League: Master

Event: DreamHack ZOWIE Open Valencia 2016

VOD

Have the link to the VOD?

Description

Time

  • Played on: July 16, 2016, 9:01 a.m.
  • Length: 6:57

All games in this series

Show
View Real Time Build Order
Export as new Build Order

Neeblet Protoss 

Build Orders: 1 Gate Expand, Oracle Opening, Phoenix Opening 

Get SALT Encoding   

  12  0:00  Probe (Chrono Boost)  
  13  0:11  Probe (Chrono Boost)  
  14  0:19  Pylon  
  14  0:22  Probe (Chrono Boost)  
  15  0:37  Probe (Chrono Boost), Gateway  
  16  0:47  Probe (Chrono Boost)  
  17  0:51  Assimilator  
  17  0:58  Probe (Chrono Boost)  
  18  1:09  Probe (Chrono Boost)  
  19  1:20  Nexus  
  19  1:24  Probe (Chrono Boost)  
  20  1:33  Cybernetics Core  
  20  1:36  Probe (Chrono Boost)  
  21  1:41  Assimilator  
  21  1:46  Probe (Chrono Boost)  
  22  1:52  Pylon  
  22  1:57  Probe (Chrono Boost)  
  23  2:06  Adept  
  23  2:10  Warp Gate  
  23  2:12  Probe (Chrono Boost)  
  27  2:24  Probe (Chrono Boost)  
  27  2:29  Assimilator  
  27  2:32  Stargate  
  27  2:34  Adept, Probe (Chrono Boost)  
  27  2:36  Probe (Chrono Boost)  
  31  2:44  Probe (Chrono Boost)  
  31  2:48  Probe (Chrono Boost)  
  33  2:55  Probe (Chrono Boost)  
  33  2:58  Adept  
  34  3:05  Mothership Core (Chrono Boost), Probe (Chrono Boost)  
  39  3:14  Oracle  
  39  3:16  Probe (Chrono Boost)  
  39  3:19  Pylon  
  43  3:25  Adept, Probe (Chrono Boost)  
  46  3:33  Pylon  
  46  3:37  Probe (Chrono Boost)  
  46  3:39  Probe (Chrono Boost)  
  48  3:41  Robotics Facility  
  48  3:48  Probe (Chrono Boost)  
  49  3:51  Probe (Chrono Boost)  
  49  3:52  Pylon, Phoenix  
  50  3:59  Probe (Chrono Boost)  
  54  4:04  Probe (Chrono Boost)  
  55  4:10  Probe (Chrono Boost)  
  55  4:14  Phoenix  
  55  4:16  Probe (Chrono Boost)  
  56  4:17  Adept  
  56  4:22  Probe (Chrono Boost)  
  56  4:28  Probe (Chrono Boost)  
  52  4:32  Probe (Chrono Boost)  
  52  4:33  Observer  
  52  4:38  Phoenix  
  54  4:40  Probe (Chrono Boost)  
  54  4:43  Probe (Chrono Boost)  
  58  4:52  Probe (Chrono Boost)  
  57  4:54  Probe (Chrono Boost)  
  57  4:57  Immortal  
  55  5:04  Probe (Chrono Boost)  
  55  5:06  Probe (Chrono Boost)  
  61  5:10  Phoenix  
  61  5:11  Pylon  
  63  5:16  Probe (Chrono Boost)  
  63  5:18  Probe (Chrono Boost)  
  67  5:29  Probe (Chrono Boost)  
  67  5:30  Probe (Chrono Boost)  
  67  5:33  Phoenix  
  67  5:38  Observer  
  67  5:41  Probe (Chrono Boost)  
  67  5:42  Probe (Chrono Boost)  
  72  5:44  Nexus  
  72  5:49  Pylon  
  72  5:51  Adept  
  74  5:58  Pylon  
  74  5:59  Phoenix  
  76  6:09  Probe x2 (Chrono Boost)  
  64  6:18  Immortal  
  64  6:21  Probe (Chrono Boost)  
  64  6:22  Adept  
  65  6:29  Mothership Core (Chrono Boost)  
  65  6:37  Probe (Chrono Boost)  
  65  6:38  Gateway  
  65  6:39  Gateway  
Show
View Real Time Build Order
Export as new Build Order

MarineLorD Terran - Winner!

Build Orders: Ghost Stim Aggro TvP, 1/1/1, Liberator Opening 

Get SALT Encoding   

  12  0:00  SCV  
  13  0:12  SCV  
  14  0:17  Supply Depot  
  14  0:24  SCV  
  15  0:38  SCV  
  15  0:40  Barracks  
  16  0:44  Refinery  
  16  0:50  SCV  
  16  0:55  Refinery  
  17  1:02  SCV  
  18  1:15  SCV  
  19  1:27  Marine, Orbital Command  
  20  1:33  Factory  
  20  1:46  Supply Depot  
  20  1:48  Barracks Reactor  
  20  1:53  SCV  
  21  2:05  SCV  
  22  2:15  Supply Depot  
  22  2:17  SCV  
  22  2:18  Hellion, Starport  
  25  2:24  Marine x2  
  25  2:29  SCV  
  28  2:40  Hellion  
  28  2:41  SCV  
  28  2:42  Marine x2  
  33  2:47  Supply Depot  
  33  2:53  SCV  
  33  2:54  Medivac  
  36  2:59  Marine x2  
  38  3:07  Liberator  
  38  3:08  Widow Mine  
  38  3:10  Supply Depot  
  40  3:20  SCV  
  44  3:32  SCV  
  45  3:40  Factory Tech Lab  
  45  3:44  SCV  
  45  3:48  Command Center  
  46  3:51  Marine x2  
  48  3:59  Siege Tank  
  52  4:07  Supply Depot, SCV  
  50  4:17  Marine x2, Liberator  
  47  4:19  SCV  
  46  4:31  SCV  
  47  4:35  Marine x2  
  47  4:37  Siege Tank  
  55  4:43  SCV  
  56  4:53  Marine x2  
  56  4:55  SCV  
  56  4:59  Liberator  
  59  5:00  Supply Depot  
  57  5:07  SCV  
  57  5:11  Marine x2  
  63  5:21  SCV  
  63  5:22  Siege Tank  
  63  5:25  Supply Depot  
  67  5:29  Orbital Command  
  67  5:33  SCV  
  68  5:36  Marine x2  
  70  5:45  SCV  
  70  5:53  Bunker  
  70  5:54  Bunker  
  70  5:56  Marine x2  
  70  5:57  SCV  
  70  6:09  SCV  
  70  6:10  SCV  
  72  6:12  Siege Tank  
  72  6:14  Marine x2  
  71  6:22  SCV  
  68  6:29  SCV  
  68  6:32  Marine x2  
  67  6:34  SCV  
  68  6:43  Command Center  
  72  6:49  Engineering Bay  

Tags
 
Add a new tag
Caveats
  • Supply blocks, unpowered buildings, or Contaminate may cause inaccurate times.
  • Supply counts are checked every 10 seconds.